 Dungeon Crawl Stone Soup version 0.22.0-18-ge075c0de6d (webtiles) character file.

4570 GordonOverkill the Thaumaturge (level 10, -2/66 HPs)
             Began as an Octopode Wizard on Aug 19, 2018.
             Was a Believer of Kikubaaqudgha.
             Killed from afar by a manticore (10 damage)
             ... with a volley of spikes
             ... on level 10 of the Dungeon.
             The game lasted 00:57:50 (19036 turns).

GordonOverkill the Thaumaturge (Octopode Wizard)   Turns: 19036, Time: 00:57:51

Health: -2/66      AC:  9    Str:  8    XL:     10   Next: 41%
Magic:  22/24      EV: 15    Int: 23    God:    Kikubaaqudgha [**....]
Gold:   368        SH:  0    Dex: 10    Spells: 15/29 levels left

rFire    . . .     SeeInvis .   t - +5 trident (venom)
rCold    . . .     Gourm    .   (no shield)
rNeg     . . .     Faith    .   a - +2 hat
rPois    .         Spirit   .   (no amulet)
rElec    .         Reflect  .   g - +2 ring of protection
rCorr    .         Harm     .   r - ring of stealth
MR       .....                  f - +4 ring of protection
Stlth    ++++++....             k - ring of stealth
HPRegen  0.21/turn              (no ring)
MPRegen  0.19/turn              (no ring)
                                (no ring)
                                (no ring)

@: barbed spikes
A: almost no armour, stealthy swim, amphibious, 8 rings, constrict 8, camouflage
1, gelatinous body 1
a: Receive Corpses, Renounce Religion


You were on level 10 of the Dungeon.
You worshipped Kikubaaqudgha.
Kikubaaqudgha was pleased with you.
You were not hungry.

You visited 2 branches of the dungeon, and saw 11 of its levels.

You collected 585 gold pieces.
You spent 217 gold pieces at shops.

Inventory:

Hand Weapons
 t - a +5 trident of venom (weapon)
Missiles
 e - 278 stones (quivered)
 n - 3 throwing nets
Armour
 a - a +2 hat (worn)
Jewellery
 f - a +4 ring of protection (on tentacle)
 g - a +2 ring of protection (left tentacle)
 k - a ring of stealth (on tentacle)
 r - a ring of stealth (right tentacle)
 u - an uncursed amulet of faith
 E - a cursed amulet of inaccuracy
Wands
 m - a wand of flame (43)
 v - a wand of polymorph (8)
 B - a wand of acid (2)
Scrolls
 b - 2 scrolls of magic mapping
 d - a scroll of enchant armour
 w - 2 scrolls of random uselessness
 C - a scroll of remove curse
Potions
 i - a potion of agility
 j - 3 potions of might
 l - a potion of mutation
 s - 2 potions of flight
 z - a potion of haste
 A - a potion of resistance {unknown}
Comestibles
 c - 11 rations


   Skills:
 + Level 5.1 Fighting
 + Level 4.9 Dodging
 - Level 6.0 Stealth
 - Level 10.0 Spellcasting
 - Level 2.0 Conjurations
 - Level 3.2 Summonings
 + Level 4.4 Necromancy
 - Level 1.0 Translocations
 - Level 2.1 Fire Magic
 - Level 2.0 Air Magic
 - Level 2.0 Poison Magic


You had 15 spell levels left.
You knew the following spells:

 Your Spells              Type           Power        Failure   Level  Hunger
a - Magic Dart            Conj           ###.         2%          1    None
b - Call Imp              Summ           ####....     2%          2    None
c - Blink                 Tloc           N/A          5%          2    None
d - Conjure Flame         Conj/Fire      ###.....     8%          3    None
e - Mephitic Cloud        Conj/Pois/Air  ###.....     8%          3    None
f - Regeneration          Chrm/Necr      ###.......   7%          3    None

Your spell library contained the following spells:

 Spells                   Type           Power        Failure   Level  Hunger
 Pain                     Necr           ####         1%          1    None
 Corpse Rot               Necr           N/A          1%          2    None
 Sublimation of Blood     Necr           ####......   1%          2    None
 Sandblast                Erth           ##....       5%          1    None
 Passwall                 Tmut/Erth      ##......     9%          2    None
 Slow                     Hex            ##......     9%          2    None
 Stone Arrow              Conj/Erth      ###...       11%         3    None
 Petrify                  Tmut/Erth      ##......     50%         4    #......
 Lee's Rapid Deconstruct  Erth           ##........   83%         5    ####...


Dungeon Overview and Level Annotations

Branches:
Dungeon (10/15)            Temple (1/1) D:7
   Lair: D:8-11         Orc: D:9-12

Altars:
Ashenzari
Cheibriados
Dithmenos
Elyvilon
Fedhas
Gozag
Hepliaklqana
Kikubaaqudgha
Makhleb
Nemelex Xobeh
Okawaru
Qazlal
Ru
Sif Muna
Trog
Uskayaw
Vehumet
Wu Jian
Xom
Yredelemnul
Zin
The Shining One
Jiyva

Shops:
D:5 ?

Annotations:
D:6 Prince Ribbit
D:7 1 runed door, Flugkiller's ghost, novice VSSu
D:10 Gastronok; Sonja


Innate Abilities, Weirdness & Mutations

You cannot wear most types of armour.
You are very stealthy in the water. (Stealth+)
You are amphibious.
You can wear up to eight rings at the same time.
You can use your tentacles to constrict eight enemies at once.
Your skin changes colour to match your surroundings (Stealth+).
Your rubbery body absorbs attacks. (AC +1, EV +1)


Message History

Okay, then.
Casting: Regeneration (safe; 7% risk of failure)
Confirm with . or Enter, or press ? or * to list all spells.
You blink.
The barbs in your skin will harm you if you move.
Continue?
The barbed spikes dig painfully into your body as you move.
The manticore bites you! The manticore claws you!
The manticore claws you but does no damage.
The barbed spikes dig painfully into your body as you move.
* * * LOW HITPOINT WARNING * * *
The manticore flicks its tail.
The volley of spikes misses you. The bullfrog hits you!
* * * LOW HITPOINT WARNING * * *
There is a stone staircase leading up here.
Okay, then.
The manticore flicks its tail.
The volley of spikes hits you!
The barbed spikes become lodged in your body.
You die...
Kikubaaqudgha rasps: "You have failed me!
Welcome... death!"

#..........#
...........# .##..
#..........##....#
.................#..
...##.####..........#.#
##..... #............#
...## #...........# #..
####..........# ##..
##).z.a...@....#
....###..#....H.F...?#
#.....##...z.......#
#...z###..........##
#...## #......%......#
......# ##............#
#.#...# #..........#...
#..#..# #..............
##..#.####......[....#..


You could see a manticore, a bullfrog, a worker ant and 2 wights.

Vanquished Creatures
  Erolcha (D:9)
  A centaur warrior (D:8)
  A troll (D:8)
  2 hippogriffs
  3 sky beasts (D:8)
  An ice beast (D:9)
  An orc warrior (D:7)
  A phantom (D:9)
  A black bear (D:8)
  2 centaurs (D:8)
  A wyvern skeleton (D:6)
  2 scorpions
  2 killer bees
  2 wights (D:7)
  2 howler monkeys
  2 crimson imps (D:9)
  A jelly (D:8)
  4 orc wizards
  2 bullfrog skeletons
  5 orc priests
  A centaur skeleton (D:7)
  Natasha (D:3)
  4 worker ants
  7 gnolls
  3 adders
  2 shadow imps
  2 oozes (D:8)
  2 adder skeletons
  A dart slug (D:1)
  5 leopard geckos
  34 orcs
  3 bats
  2 giant cockroaches (D:1)
  5 goblins
  4 hobgoblins (D:2)
  5 jackals
  3 kobolds
  2 quokkas
  3 frilled lizards (D:1)
  3 rats
129 creatures vanquished.

Vanquished Creatures (collateral kills)
  A hungry ghost (D:9)
  A water moccasin (D:7)
  A sky beast (D:8)
  2 phantoms
  2 ogres
  A bullfrog (D:7)
  7 killer bees
  2 wights
  3 howler monkeys
  5 crimson imps
  A hound (D:6)
  4 jellies
  5 orc priests
  3 orc wizards
  3 iron imps (D:7)
  2 iguanas
  Terence (D:2)
  2 worker ants (D:4)
  Natasha (twice) (D:3)
  5 gnolls
  7 adders
  A shadow imp (D:10)
  3 oozes (D:8)
  An adder zombie (D:5)
  2 worms
  3 leopard geckos
  21 orcs
  A ball python (D:4)
  A bat (D:3)
  A giant cockroach (D:4)
  2 goblins
  2 hobgoblins (D:3)
  5 jackals
  A kobold (D:2)
  A quokka (D:4)
  A ball python zombie (D:5)
  3 frilled lizards
109 creatures vanquished.

Grand Total: 238 creatures vanquished

Notes
Turn   | Place    | Note
-------+----------+-------------------------------------------
     0 | D:1      | GordonOverkill the Octopode Wizard began the quest for the Orb.
     0 | D:1      | Reached XP level 1. HP: 11/11 MP: 4/4
   574 | D:1      | Reached XP level 2. HP: 18/18 MP: 3/6
  1107 | D:2      | Learned a level 2 spell: Call Imp
  1110 | D:2      | Learned a level 2 spell: Blink
  1363 | D:2      | Reached skill level 1 in Fighting
  1363 | D:2      | Reached XP level 3. HP: 23/23 MP: 2/7
  1628 | D:2      | Found a glowing golden altar of the Shining One.
  1973 | D:2      | Noticed Terence
  2017 | D:2      | Killed Terence
  2536 | D:3      | Noticed Natasha
  2547 | D:3      | Killed Natasha
  2547 | D:3      | Reached XP level 4. HP: 16/29 MP: 0/9
  2690 | D:3      | Learned a level 3 spell: Conjure Flame
  2721 | D:3      | Noticed Natasha
  2727 | D:3      | Killed Natasha
  2742 | D:3      | Reached XP level 5. HP: 31/34 MP: 2/10
  3287 | D:3      | Noticed Natasha
  3312 | D:3      | Killed Natasha
  4651 | D:2      | Reached skill level 4 in Spellcasting
  4808 | D:3      | Reached skill level 5 in Stealth
  4840 | D:3      | Learned a level 3 spell: Mephitic Cloud
  4851 | D:4      | Found a shattered altar of Ashenzari.
  4915 | D:4      | Reached XP level 6. HP: 41/41 MP: 5/12
  6818 | D:5      | Entered Level 5 of the Dungeon
  6872 | D:5      | Reached XP level 7. HP: 46/46 MP: 5/13
  6995 | D:5      | Found a basalt altar of Yredelemnul.
  6995 | D:5      | Noticed a hippogriff
  7684 | D:5      | Found Kaskest's Magic Scroll Boutique.
  7692 | D:5      | Bought a scroll of remove curse for 42 gold pieces
  7695 | D:5      | Bought a scroll of enchant armour for 105 gold pieces
  7695 | D:5      | Bought a scroll of teleportation for 42 gold pieces
  7695 | D:5      | Bought a scroll of identify for 28 gold pieces
  7749 | D:5      | Found a snail-covered altar of Cheibriados.
  7784 | D:5      | Killed a hippogriff
  7784 | D:5      | Reached skill level 5 in Spellcasting
  8930 | D:6      | Noticed Prince Ribbit
  8941 | D:6      | Reached skill level 1 in Fire Magic
  9645 | D:6      | Reached XP level 8. HP: 54/54 MP: 11/16
 10303 | D:7      | Found a runed door.
 10333 | D:7      | Found an iron altar of Okawaru.
 10501 | D:7      | Reached skill level 5 in Fighting
 10538 | D:7      | Found a staircase to the Ecumenical Temple.
 10551 | Temple   | Entered the Ecumenical Temple
 10654 | Temple   | Became a worshipper of Kikubaaqudgha
 10683 | D:7      | Reached skill level 1 in Poison Magic
 10686 | D:7      | Reached skill level 1 in Air Magic
 11005 | D:6      | Reached skill level 6 in Spellcasting
 11418 | D:7      | Found a shimmering altar of Xom.
 11441 | D:6      | Reached * piety under Kikubaaqudgha
 11441 | D:6      | Identified Kikubaaqudgha's Volume of Evil (Kikubaaqudgha gifted it to you on level 6 of the Dungeon)
 11441 | D:6      | Received a gift from Kikubaaqudgha
 11449 | D:6      | Learned a level 3 spell: Regeneration
 12500 | D:7      | Found a hide-covered altar of Uskayaw.
 12501 | D:7      | Noticed a dagger
 12501 | D:7      | Noticed a hand axe
 12581 | D:7      | Reached skill level 7 in Spellcasting
 12966 | D:7      | Found a burning altar of Makhleb.
 13259 | D:7      | Noticed Flugkiller's ghost (novice VSSu)
 13287 | D:8      | Reached XP level 9. HP: 46/61 MP: 12/20
 13569 | D:8      | Reached skill level 8 in Spellcasting
 13597 | D:8      | Noticed a centaur warrior
 15320 | D:8      | Killed a centaur warrior
 15320 | D:8      | Reached ** piety under Kikubaaqudgha
 15320 | D:8      | Reached skill level 9 in Spellcasting
 15549 | D:8      | Found a viscous altar of Jiyva.
 15948 | D:8      | Reached skill level 1 in Necromancy
 15989 | D:8      | Noticed a troll
 15999 | D:8      | Killed a troll
 16265 | D:8      | Reached XP level 10. HP: 35/66 MP: 21/23
 16474 | D:8      | Reached skill level 10 in Spellcasting
 17249 | D:9      | Noticed Erolcha
 17276 | D:9      | Killed Erolcha
 17641 | D:9      | Noticed a guardian serpent
 17656 | D:9      | Found a glowing silver altar of Zin.
 18059 | D:10     | Entered Level 10 of the Dungeon
 18059 | D:10     | Noticed a manticore
 18725 | D:10     | Noticed Gastronok
 18725 | D:10     | Noticed Sonja
 18725 | D:10     | Noticed a brown ugly thing
 19020 | D:10     | Noticed a gargoyle
 19036 | D:10     | Killed from afar by a manticore

Skill      XL: |  1  2  3  4  5  6  7  8  9 10 |
---------------+-------------------------------+-----
Stealth        | 3 4 5 6 |  6.0
Fighting       | 1 2 3 4 5 |  5.1
Conjurations   | 2 |  2.0
Spellcasting   | 4 5 7 9 10 | 10.0
Summonings     | 2 3 |  3.2
Fire Magic     | 1 2 |  2.1
Poison Magic   | 2 |  2.0
Air Magic      | 2 |  2.0
Necromancy     | 2 4 |  4.4
Dodging        | 3 4 |  4.9
Translocations | |  1.0

Action                   |  1- 3 |  4- 6 |  7- 9 | 10-12 || total
-------------------------+-------+-------+-------+-------++-------
Melee: Spear             |    30 |    76 |       |       ||   106
       Constrict         |     4 |    23 |    36 |     9 ||    72
       Tentacles         |       |    11 |    19 |     6 ||    36
       Trident           |       |       |   279 |    91 ||   370
 Cast: Magic Dart        |    55 |    23 |    27 |     2 ||   107
       Call Imp          |    13 |    97 |   291 |    63 ||   464
       Blink             |       |     1 |     1 |     6 ||     8
       Regeneration      |       |       |     2 |    10 ||    12
       Mephitic Cloud    |       |       |       |     4 ||     4
Evoke: Wand              |       |       |     2 |       ||     2
  Use: Potion            |     1 |     4 |     1 |     3 ||     9
       Scroll            |       |    10 |     5 |    13 ||    28
 Stab: Sleeping          |     2 |       |     6 |     5 ||    13
       Distracted        |       |     1 |     6 |     1 ||     8
       Confused          |       |       |       |     2 ||     2
  Eat: Chunk             |     5 |    12 |    16 |     2 ||    35
       Ration            |       |     1 |     4 |     2 ||     7
Armor: Skin              |     3 |     8 |    88 |    24 ||   123
Dodge: Dodged            |    23 |    98 |   224 |    76 ||   421
